 Dungeon Crawl Stone Soup version 0.26-a0-501-g57170428f2 (webtiles) character file.

Game seed: 8240303798781944072

0 ANON1729 the Caller (level 1, -1/10 HPs)
             Began as a Kobold Summoner on Aug 7, 2020.
             Slain by a leopard gecko (3 damage)
             ... on level 1 of the Dungeon.
             The game lasted 00:00:31 (69 turns).

ANON1729 the Caller (Kobold Summoner)                 Turns: 69, Time: 00:00:31

Health: -1/10      AC:  2    Str:  5    XL:     1   Next: 11%
Magic:  1/3        EV: 15    Int: 16    God:
Gold:   12         SH:  0    Dex: 15    Spells: 3/4 levels left

rFire    . . .     SeeInvis .   (weapon restricted)
rCold    . . .     Faith    .   (shield restricted)
rNeg     . . .     Spirit   .   a - +0 robe
rPois    .         Reflect  .   (no helmet)
rElec    .         Harm     .   (no cloak)
rCorr    .                      (no gloves)
MR       .....                  (no boots)
Stlth    +++.......             (no amulet)
HPRegen  0.03/turn              (no ring)
MPRegen  0.08/turn              (no ring)

@: no status effects
A: small, nightstalker 3
a: no special abilities


You were on level 1 of the Dungeon.
You visited 1 branch of the dungeon, and saw 1 of its levels.

You collected 12 gold pieces.

Inventory:

Armour
 a - a +0 robe (worn)
Scrolls
 b - a scroll of magic mapping {unknown}


   Skills:
 + Level 2.4 Dodging
 + Level 2.7 Stealth
 + Level 2.2 Spellcasting
 + Level 4.0 Summonings


You had 3 spell levels left.
You knew the following spells:

 Your Spells              Type           Power        Failure   Level
a - Summon Small Mammal   Summ           ##..         4%          1

Your spell library contained the following spells:

 Spells                   Type           Power        Failure   Level
 Call Imp                 Summ           ##......     6%          2
 Call Canine Familiar     Summ           ##......     12%         3
 Summon Guardian Golem    Hex/Summ       #.......     26%         3
 Summon Ice Beast         Ice/Summ       #.......     65%         4
 Summon Lightning Spire   Summ/Air       #.......     65%         4


Dungeon Overview and Level Annotations

Branches:
Dungeon (1/15)

Altars:


Innate Abilities, Weirdness & Mutations

You are small and have problems with some larger weapons.
You are completely attuned to the shadows.


Message History

Confirm with . or Enter, or press ? or * to list all spells.
Your bat barely misses the leopard gecko.
Your bat misses the leopard gecko. The leopard gecko bites your bat.
Your bat dies!
Your bat's corpse disappears in a puff of smoke!
The leopard gecko hisses angrily.
The kobold shouts!
Your bat barely misses the leopard gecko.
The leopard gecko misses your bat.
Your bat hits the leopard gecko but does no damage. x2
Your bat closely misses the leopard gecko.
Your bat completely misses the leopard gecko.
Your bat completely misses the leopard gecko.
Your bat barely misses the leopard gecko.
Your bat hits the leopard gecko.
There is an open door here.
You closely miss the leopard gecko.
The leopard gecko is severely wounded.
Your bat closely misses the leopard gecko.
The leopard gecko bites you.
You die...

##... ...## .....
..... ####>
###############
..§K.....##K..##
##..###.K...#b.######
#..#....####..#@...#
#.....#.'..#..l..<.#
##.##'#.#...b.#....#
#.#..#.####..######
#.#..#.......#
####### ######


You could see a leopard gecko and a friendly bat (summoned).

Vanquished Creatures (collateral kills)
  A frilled lizard (D:1)
1 creature vanquished.

Notes
Turn   | Place    | Note
-------+----------+-------------------------------------------
     0 | D:1      | ANON1729 the Kobold Summoner began the quest for the Orb.
     0 | D:1      | Reached XP level 1. HP: 10/10 MP: 3/3
    69 | D:1      | Slain by a leopard gecko

Illustrated notes

Levels and vault maps discovered:
D:1:      dpeg_arrival_erosion, layout_loops_ring

Action                   || total
-------------------------++-------
Melee: Unarmed           ||     4
 Cast: Summon Small Mamm ||     5
Dodge: Dodged            ||     7

Table legend: (Time is in decaauts)
 A = Elapsed time spent in this place.
 B = Non-inter-level travel time spent in this place.
 C = Inter-level travel time spent in this place.
 D = Time resting spent in this place.
 E = Time spent auto-exploring this place.
 F = Levels seen in this place.
 G = Mean time per level.
                   A        B        C        D        E       F      G
               +--------+--------+--------+--------+--------+-----+--------+
         Total |     69 |     69 |      0 |      0 |     28 |   1 |   69.0 |
       Dungeon |     69 |     69 |      0 |      0 |     28 |   1 |   69.0 |
               +--------+--------+--------+--------+--------+-----+--------+

Top non-repeatable levels by time:
     D:1: 69 daAuts
